[ AOE2 MATCH · #506785581 ]
UnrankedGoths vs Wu
Player's team · WIN
Rival team · LOSS
[ REPLAY ANALYSIS · EXTRACTED FROM THE RECORDED GAME ]
Feudal
11:40
Castle
20:00
Imperial
—
| APM avg | 67.9 |
| APM peak | 103 |
| eAPM avg | 29.9 |
| Villagers / military | 90 / 62 |
Focus
⚔️ 51.7% · 🌾 48.3%
Spearman ×33 · Militia ×11 · Battering Ram ×7 · Scout Cavalry ×6 · Monk ×5
Feudal
8:25
Castle
19:01
Imperial
—
| APM avg | 72.8 |
| APM peak | 100 |
| eAPM avg | 37.9 |
| Villagers / military | 112 / 44 |
Focus
⚔️ 49.8% · 🌾 50.2%
Militia ×24 · Skirmisher ×9 · Spearman ×8 · Unknown (1944) ×7 · Monk ×3
Match map
Initial resources + every placement click. Lines = walls · curves = elevation contours. ◆ gold · ⬟ stone · ● berries · ✦ relic · ◌ wall gap
Your base· Open — 2t gap
VENÓN | Miauricio's base· Open — 3t gap
Smoothed initial terrain · ◌ = detected wall gap · hover for details
Inputs per minute
— Survivalist - - VENÓN | Miauricio
Build order — Survivalist
First 150 of 249 actions detected
| 0:00 | Queue | Villager (Male) |
| 0:02 | Build | House |
| 0:04 | Build | House |
| 0:08 | Queue | Villager (Male) |
| 0:08 | Queue | Villager (Male) |
| 0:09 | Research | Loom |
| 0:13 | Queue | Villager (Male) |
| 1:28 | Queue | Villager (Male) |
| 1:28 | Queue | Villager (Male) |
| 2:01 | Queue | Villager (Male) |
| 2:24 | Queue | Villager (Male) |
| 2:27 | Build | Barracks |
| 2:51 | Queue | Villager (Male) |
| 2:59 | Queue | Villager (Male) |
| 3:11 | Build | House |
| 3:22 | Queue | Militia |
| 3:43 | Queue | Villager (Male) |
| 3:46 | Build | House |
| 4:05 | Queue | Militia |
| 4:05 | Queue | Militia |
| 4:11 | Queue | Villager (Male) |
| 4:36 | Queue | Villager (Male) |
| 4:49 | Build | House |
| 5:01 | Queue | Villager (Male) |
| 5:03 | Queue | Militia |
| 5:24 | Queue | Villager (Male) |
| 5:24 | Queue | Militia |
| 5:39 | Queue | Militia |
| 5:50 | Queue | Villager (Male) |
| 6:11 | Queue | Villager (Male) |
| 6:15 | Build | Mining Camp |
| 6:28 | Queue | Villager (Male) |
| 6:42 | Queue | Villager (Male) |
| 6:52 | Build | Palisade Wall |
| 6:54 | Build | Palisade Wall |
| 7:02 | Queue | Villager (Male) |
| 7:18 | Build | Palisade Wall |
| 7:47 | Queue | Villager (Male) |
| 8:10 | Build | Palisade Wall |
| 8:10 | Build | Palisade Wall |
| 8:12 | Build | Palisade Wall |
| 8:17 | Queue | Villager (Male) |
| 8:18 | Research | Loom |
| 8:33 | Build | Lumber Camp |
| 9:02 | Queue | Villager (Male) |
| 9:30 | Research | Feudal Age |
| 9:37 | Build | Mill |
| 10:04 | Build | Palisade Wall |
| 10:05 | Build | Palisade Wall |
| 10:07 | Build | Palisade Wall |
| 10:49 | Build | House |
| 11:08 | Queue | Villager (Male) |
| 11:26 | Build | House |
| 11:40 | Age | Feudal Age |
| 11:45 | Research | Double-Bit Axe |
| 11:45 | Research | Double-Bit Axe |
| 11:47 | Build | Stable |
| 12:02 | Queue | Villager (Male) |
| 12:16 | Queue | Villager (Male) |
| 12:41 | Queue | Villager (Male) |
| 12:48 | Queue | Scout Cavalry |
| 12:51 | Build | Farm |
| 12:51 | Build | Farm |
| 12:51 | Build | Farm |
| 12:52 | Build | Farm |
| 13:00 | Queue | Scout Cavalry |
| 13:10 | Queue | Villager (Male) |
| 13:23 | Queue | Villager (Male) |
| 13:33 | Queue | Scout Cavalry |
| 13:36 | Build | Mill |
| 13:55 | Queue | Scout Cavalry |
| 13:57 | Queue | Villager (Male) |
| 14:02 | Build | Farm |
| 14:03 | Build | Farm |
| 14:22 | Build | Farm |
| 14:29 | Queue | Villager (Male) |
| 14:49 | Queue | Villager (Male) |
| 14:52 | Build | Farm |
| 14:55 | Build | Farm |
| 14:56 | Queue | Scout Cavalry |
| 15:12 | Queue | Villager (Male) |
| 15:14 | Build | House |
| 15:31 | Research | Bloodlines |
| 15:32 | Research | Bloodlines |
| 15:52 | Queue | Villager (Male) |
| 15:55 | Build | Market |
| 16:06 | Queue | Villager (Male) |
| 16:18 | Build | House |
| 16:18 | Build | House |
| 16:45 | Queue | Villager (Male) |
| 17:20 | Research | Castle Age |
| 17:31 | Build | House |
| 17:32 | Build | House |
| 17:37 | Build | House |
| 17:50 | Queue | Scout Cavalry |
| 17:53 | Queue | Villager (Male) |
| 18:34 | Research | Man-at-Arms (upgrade) |
| 18:42 | Build | Barracks |
| 19:14 | Build | Blacksmith |
| 19:18 | Research | Horse Collar |
| 19:18 | Research | Horse Collar |
| 19:21 | Build | Farm |
| 19:22 | Build | Farm |
| 19:33 | Queue | Militia |
| 19:36 | Queue | Militia |
| 19:52 | Queue | Militia |
| 19:55 | Queue | Militia |
| 19:55 | Research | Scale Mail Armor |
| 20:00 | Age | Castle Age |
| 20:04 | Build | Siege Workshop |
| 20:06 | Research | Long Swordsman (upgrade) |
| 20:09 | Queue | Villager (Male) |
| 20:35 | Research | Pikeman (upgrade) |
| 20:36 | Queue | Spearman |
| 20:36 | Queue | Spearman |
| 20:38 | Queue | Villager (Male) |
| 20:59 | Build | Town Center |
| 21:03 | Queue | Villager (Male) |
| 21:13 | Queue | Spearman |
| 21:20 | Queue | Villager (Male) |
| 21:33 | Queue | Spearman |
| 21:33 | Queue | Spearman |
| 21:38 | Build | House |
| 21:42 | Queue | Spearman |
| 21:46 | Queue | Spearman |
| 21:51 | Queue | Villager (Male) |
| 22:04 | Research | Light Cavalry (upgrade) |
| 22:05 | Research | Light Cavalry (upgrade) |
| 22:24 | Queue | Villager (Male) |
| 22:24 | Queue | Villager (Male) |
| 22:41 | Build | Monastery |
| 22:46 | Queue | Villager (Male) |
| 22:46 | Queue | Villager (Male) |
| 22:47 | Build | Farm |
| 22:47 | Build | Farm |
| 22:50 | Queue | Villager (Male) |
| 22:50 | Queue | Villager (Male) |
| 23:01 | Build | Farm |
| 23:01 | Build | Farm |
| 23:04 | Build | Farm |
| 23:07 | Build | Farm |
| 23:13 | Queue | Villager (Male) |
| 23:13 | Queue | Villager (Male) |
| 23:15 | Build | Farm |
| 23:20 | Queue | Villager (Male) |
| 23:30 | Queue | Spearman |
| 23:30 | Queue | Spearman |
| 23:31 | Queue | Spearman |
| 23:31 | Queue | Spearman |
| 23:39 | Queue | Battering Ram |
Build order — VENÓN | Miauricio
First 150 of 243 actions detected
| 0:00 | Queue | Villager (Male) |
| 0:00 | Queue | Villager (Male) |
| 0:02 | Build | House |
| 0:02 | Build | House |
| 0:02 | Queue | Villager (Male) |
| 0:04 | Queue | Villager (Male) |
| 1:23 | Queue | Villager (Male) |
| 1:23 | Queue | Villager (Male) |
| 1:39 | Queue | Villager (Male) |
| 2:11 | Build | Lumber Camp |
| 2:16 | Queue | Villager (Male) |
| 2:27 | Queue | Villager (Male) |
| 2:28 | Queue | Villager (Male) |
| 2:42 | Queue | Villager (Male) |
| 3:05 | Build | House |
| 3:07 | Queue | Villager (Male) |
| 3:20 | Queue | Villager (Male) |
| 3:43 | Queue | Villager (Male) |
| 4:18 | Queue | Villager (Male) |
| 4:19 | Queue | Villager (Male) |
| 4:44 | Queue | Villager (Male) |
| 5:10 | Build | Mill |
| 5:12 | Queue | Villager (Male) |
| 5:12 | Queue | Villager (Male) |
| 5:18 | Queue | Villager (Male) |
| 5:18 | Queue | Villager (Male) |
| 5:19 | Queue | Villager (Male) |
| 5:37 | Research | Loom |
| 6:02 | Research | Feudal Age |
| 6:54 | Build | Lumber Camp |
| 7:27 | Build | Palisade Wall |
| 7:52 | Build | Barracks |
| 8:15 | Research | Loom |
| 8:25 | Age | Feudal Age |
| 8:26 | Queue | Villager (Male) |
| 8:31 | Build | House |
| 8:35 | Queue | Villager (Male) |
| 8:38 | Build | Archery Range |
| 8:41 | Build | House |
| 8:50 | Build | Archery Range |
| 9:00 | Queue | Villager (Male) |
| 9:05 | Build | Archery Range |
| 9:08 | Build | Blacksmith |
| 9:16 | Research | Double-Bit Axe |
| 9:19 | Queue | Villager (Male) |
| 9:22 | Queue | Villager (Male) |
| 9:31 | Queue | Skirmisher ×2 |
| 9:33 | Queue | Villager (Male) |
| 9:35 | Build | Farm |
| 9:47 | Build | House |
| 9:57 | Queue | Villager (Male) |
| 10:01 | Build | Farm |
| 10:16 | Queue | Villager (Male) |
| 10:21 | Queue | Skirmisher ×2 |
| 10:30 | Build | House |
| 10:39 | Build | House |
| 10:41 | Queue | Villager (Male) |
| 10:41 | Queue | Villager (Male) |
| 10:52 | Research | Fletching |
| 10:56 | Queue | Villager (Male) |
| 10:56 | Queue | Villager (Male) |
| 11:08 | Build | Farm |
| 11:09 | Build | Farm |
| 11:14 | Queue | Villager (Male) |
| 11:15 | Queue | Villager (Male) |
| 11:36 | Queue | Villager (Male) |
| 11:37 | Build | Farm |
| 11:46 | Queue | Villager (Male) |
| 12:04 | Queue | Spearman |
| 12:08 | Queue | Villager (Male) |
| 12:18 | Build | Farm |
| 12:18 | Queue | Villager (Male) |
| 12:35 | Queue | Skirmisher |
| 12:38 | Queue | Villager (Male) |
| 12:44 | Build | Farm |
| 12:44 | Build | Farm |
| 12:50 | Queue | Villager (Male) |
| 12:57 | Queue | Villager (Male) |
| 12:59 | Build | Farm |
| 13:00 | Queue | Villager (Male) |
| 13:01 | Build | Farm |
| 13:05 | Queue | Skirmisher |
| 13:22 | Queue | Villager (Male) |
| 13:22 | Queue | Villager (Male) |
| 13:27 | Queue | Villager (Male) |
| 13:29 | Queue | Skirmisher |
| 13:33 | Build | Farm |
| 13:35 | Build | Farm |
| 13:37 | Queue | Villager (Male) |
| 13:44 | Queue | Spearman |
| 13:46 | Queue | Villager (Male) |
| 13:51 | Build | Mining Camp |
| 13:57 | Queue | Villager (Male) |
| 14:04 | Build | House |
| 14:14 | Queue | Villager (Male) |
| 14:14 | Queue | Villager (Male) |
| 14:15 | Build | Palisade Wall |
| 14:17 | Build | Palisade Wall |
| 14:21 | Build | House |
| 14:24 | Build | Farm |
| 14:24 | Queue | Villager (Male) |
| 14:24 | Queue | Villager (Male) |
| 14:32 | Queue | Villager (Male) |
| 14:32 | Queue | Villager (Male) |
| 14:32 | Queue | Villager (Male) |
| 14:37 | Queue | Skirmisher |
| 14:39 | Queue | Villager (Male) |
| 14:42 | Queue | Skirmisher |
| 14:43 | Queue | Villager (Male) |
| 14:45 | Queue | Villager (Male) |
| 15:01 | Queue | Villager (Male) |
| 15:13 | Queue | Villager (Male) |
| 15:13 | Queue | Villager (Male) |
| 15:13 | Queue | Villager (Male) |
| 15:19 | Queue | Villager (Male) |
| 15:23 | Queue | Villager (Male) |
| 15:25 | Queue | Villager (Male) |
| 15:29 | Build | Market |
| 15:31 | Queue | Villager (Male) |
| 15:42 | Queue | Spearman |
| 15:44 | Queue | Villager (Male) |
| 16:19 | Research | Castle Age |
| 16:43 | Queue | Spearman |
| 16:43 | Queue | Spearman |
| 16:59 | Queue | Spearman |
| 17:21 | Research | Forging |
| 17:24 | Build | Stable |
| 17:35 | Research | Gold Mining |
| 17:45 | Queue | Spearman |
| 18:16 | Queue | Spearman |
| 18:37 | Research | Bloodlines |
| 18:39 | Build | Stable |
| 19:01 | Age | Castle Age |
| 19:03 | Queue | Unit 1944 |
| 19:03 | Queue | Unit 1944 |
| 19:04 | Queue | Villager (Male) |
| 19:20 | Queue | Unit 1944 |
| 19:20 | Queue | Unit 1944 |
| 19:21 | Queue | Villager (Male) |
| 19:21 | Queue | Villager (Male) |
| 19:21 | Queue | Villager (Male) |
| 19:34 | Research | Gold Shaft Mining |
| 19:36 | Queue | Villager (Male) |
| 19:41 | Research | Bow Saw |
| 19:55 | Queue | Unit 1944 |
| 20:08 | Build | Farm |
| 20:19 | Queue | Villager (Male) |
| 20:24 | Build | Farm |
| 20:29 | Build | Farm |
| 20:30 | Queue | Villager (Male) |
Match timeline
| 2:27 | Survivalist · first_building Barracks |
| 6:52 | Survivalist · wall_segment Palisade Wall x1 |
| 6:54 | Survivalist · wall_segment Palisade Wall x1 |
| 7:18 | Survivalist · wall_segment Palisade Wall x1 |
| 7:27 | VENÓN | Miauricio · wall_segment Palisade Wall x1 |
| 7:52 | VENÓN | Miauricio · first_building Barracks |
| 8:10 | Survivalist · wall_segment Palisade Wall x1 |
| 8:10 | Survivalist · wall_segment Palisade Wall x1 |
| 8:12 | Survivalist · wall_segment Palisade Wall x1 |
| 8:25 | VENÓN | Miauricio · age_up feudal |
| 8:38 | VENÓN | Miauricio · first_building Archery Range |
| 10:04 | Survivalist · wall_segment Palisade Wall x1 |
| 10:05 | Survivalist · wall_segment Palisade Wall x1 |
| 10:07 | Survivalist · wall_segment Palisade Wall x1 |
| 11:40 | Survivalist · age_up feudal |
| 11:47 | Survivalist · first_building Stable |
| 14:15 | VENÓN | Miauricio · wall_segment Palisade Wall x1 |
| 14:17 | VENÓN | Miauricio · wall_segment Palisade Wall x1 |
| 16:08 | VENÓN | Miauricio · first_market_sell 500 wood |
| 16:10 | VENÓN | Miauricio · first_market_buy 100 food |
| 17:11 | Survivalist · first_market_buy 100 food |
| 17:16 | Survivalist · first_market_sell 100 wood |
| 17:24 | VENÓN | Miauricio · first_building Stable |
| 19:01 | VENÓN | Miauricio · age_up castle |
| 20:00 | Survivalist · age_up castle |
| 20:04 | Survivalist · first_building Siege Workshop |
| 21:59 | VENÓN | Miauricio · first_building Monastery |
| 22:41 | Survivalist · first_building Monastery |
| 30:01 | VENÓN | Miauricio · resign |
[ AI ANALYSIS · 1 CREDIT ]
What really happened in this match?
Wolo.gg analyzes every decision: build order, eco, micro, common mistakes by bracket. Personalized analysis on WhatsApp or Discord in 30 seconds.
Civ guide
Goths
Perfil
Jugador #247224